 Dungeon Crawl Stone Soup version 0.16-a0-3623-gda98d6b (webtiles) character file.

1201 Stone the Basher (level 8, -13/58 HPs)
             Began as a Formicid Fighter on Jan 13, 2015.
             Was a Follower of Cheibriados.
             Mangled by Stone's ghost (22 damage)
             ... on level 6 of the Dungeon.
             The game lasted 00:26:44 (6902 turns).

Stone the Basher (Formicid Fighter)                 Turns: 6902, Time: 00:26:44

Health: -13/58     AC:  9    Str: 32    XL:     8   Next: 72%
Magic:  11/11      EV:  7    Int: 10    God:    Cheibriados [*.....]
Gold:   246        SH: 10    Dex: 13    Spells: 0 memorised, 7 levels left

rFire  . . .     SeeInvis +     m - +0 morningstar
rCold  . . .     Clarity  .     k - +0 chain mail
rNeg   + . .     SustAb   .     c - +0 shield
rPois  +         Gourm    .     (helmet unavailable)
rElec  .         Spirit   .     (no cloak)
rCorr  +         Warding  .     (no gloves)
rMut   .         Stasis   +     (no boots)
MR     .....                    v - amulet of resist corrosion
Stlth  ..........               r - ring of positive energy
                                n - ring of loudness

@: mighty, very slow, not resistant to hostile enchantments, extremely
unstealthy
A: permanent stasis, dig shafts and tunnels, four strong arms, antennae 3,
poison resistance
a: Dig, Shaft Self, Bend Time, Renounce Religion


You were on level 6 of the Dungeon.
You worshipped Cheibriados.
Cheibriados was aware of your devotion.
You were not hungry.

You visited 2 branches of the dungeon, and saw 7 of its levels.
You also visited: Sewer.

You collected 246 gold pieces.

Inventory:

Hand weapons
 a - a +0 war axe
 h - a +0 whip of draining
 m - a +0 morningstar (weapon)
Missiles
 l - 8 tomahawks (quivered)
Armour
 b - a +0 scale mail
 c - a +0 shield (worn)
 k - a +0 chain mail (worn)
Jewellery
 n - a ring of loudness (left hand)
 r - a ring of positive energy (right hand)
 v - an amulet of resist corrosion (around neck)
Magical devices
 g - a wand of frost (26)
 i - a wand of flame (33)
 q - a wand of lightning (12)
 u - a wand of polymorph (8)
Scrolls
 y - a scroll of fear
Potions
 e - a potion of magic
 f - 3 potions of restore abilities
 o - 3 potions of curing
 s - 2 potions of flight
 x - a potion of mutation {unknown}
Comestibles
 d - 5 bread rations
 p - 2 fruits
 w - 4 chunks of flesh


   Skills:
 - Level 3.2 Fighting
 - Level 5.3(7.6) Axes
 + Level 8.4(9.1) Maces & Flails
 - Level 3.2 Armour
 - Level 3.6 Shields


You had 7 spell levels left.
You didn't know any spells.

Dungeon Overview and Level Annotations

Branches:
Dungeon (6/15)             Temple (1/1) D:5

Altars:
Ashenzari
Cheibriados
Dithmenos
Elyvilon
Fedhas
Gozag
Kikubaaqudgha
Makhleb
Okawaru
Qazlal
Ru
Trog
Vehumet
Xom
Yredelemnul
Zin
The Shining One
Lugonu

Annotations:
D:1 runed door
D:6 Stone's ghost, experienced FoFi


Innate Abilities, Weirdness & Mutations

You are under a permanent stasis effect.
You can dig through walls and to a lower floor.
Your four strong arms can wield two-handed weapons with a shield.
You have a pair of large antennae on your head (SInv).
Your system is resistant to poisons.


Message History

Stone's ghost hits you!
You closely miss Stone's ghost.
Stone's ghost is moderately damaged.
Stone's ghost hits you!
* * * LOW HITPOINT WARNING * * *
Some of the chunks of flesh in your inventory have rotted away.
Drink which item? (? for menu, Esc to quit)
You feel mightier all of a sudden. You block Stone's ghost's attack.
Drink which item? (? for menu, Esc to quit)
You feel much better. Stone's ghost hits you!!
* * * LOW HITPOINT WARNING * * *
A hound comes into view.
Unknown command.
Drink which item? (? for menu, Esc to quit)
Okay, then.
You bludgeon Stone's ghost!!
Stone's ghost is heavily damaged.
Stone's ghost hits you!!
You die...

...# .#...
####...#
........#
#........#
..h......###
#....(...>.
#......W#####
#.....@..)).#
#.......###)#
###.##### #.#
# #.#
#.##########
#.......<..#
##########.#
#.# #.#


You could see a hound and Stone's ghost.

Vanquished Creatures
  Purgy (Sewer)
  3 ogres
  A giant frog (D:6)
  A scorpion (D:5)
  A crimson imp (D:5)
  A giant frog zombie (D:5)
  A hound (D:5)
  An iguana (D:4)
  8 orc wizards
  2 worker ants (D:4)
  Jessica (D:2)
  A hound zombie (D:6)
  A worker ant zombie (D:6)
  Robin (D:2)
  9 adders
  3 gnolls (D:5)
  A river rat (D:5)
  A giant mite (D:5)
  4 worms
  An adder skeleton (D:5)
  2 oozes
  18 orcs
  9 giant cockroaches
  17 goblins
  14 hobgoblins
  8 kobolds
  2 quokkas
  6 ball pythons
  11 bats
  4 giant geckos
  5 giant newts
  7 jackals (D:1)
  24 rats
  A bush (D:5)
171 creatures vanquished.

Notes
Turn   | Place    | Note
--------------------------------------------------------------
     0 | D:1      | Stone, the Formicid Fighter, began the quest for the Orb.
     0 | D:1      | Reached XP level 1. HP: 18/18 MP: 1/1
     1 | D:1      | Found a runed door.
    22 | D:1      | Reached XP level 2. HP: 14/24 MP: 3/3
    45 | D:1      | Reached XP level 3. HP: 13/29 MP: 4/4
   787 | D:1      | Reached XP level 4. HP: 33/35 MP: 5/5
   792 | D:1      | Reached skill level 4 in Axes
  1540 | D:2      | Noticed Jessica
  1546 | D:2      | Killed Jessica
  1674 | D:2      | Noticed Robin
  1683 | D:2      | Reached XP level 5. HP: 39/41 MP: 7/7
  1692 | D:2      | Killed Robin
  1711 | D:2      | Reached skill level 5 in Axes
  2188 | D:3      | Reached skill level 1 in Maces & Flails
  2503 | D:3      | Found a stormy altar of Qazlal.
  2510 | D:3      | Found a glowing silver altar of Zin.
  2518 | D:3      | Found a shattered altar of Ashenzari.
  2620 | D:3      | Reached XP level 6. HP: 38/47 MP: 8/8
  2992 | D:3      | Found a sacrificial altar of Ru.
  3145 | D:3      | Gained mutation: Your system is resistant to poisons. [potion of beneficial mutation]
  3364 | D:4      | Found a shimmering altar of Xom.
  3576 | D:4      | Found a burning altar of Makhleb.
  4203 | D:5      | Entered Level 5 of the Dungeon
  4543 | D:5      | Found a glowing drain.
  4548 | D:5      | Reached XP level 7. HP: 50/52 MP: 9/9
  4574 | Sewer    | Entered a sewer
  4612 | Sewer    | Noticed Purgy
  4636 | Sewer    | Killed Purgy
  4636 | Sewer    | Reached skill level 5 in Maces & Flails
  5581 | D:5      | Found a staircase to the Ecumenical Temple.
  5626 | Temple   | Entered the Ecumenical Temple
  5690 | Temple   | Became a worshipper of Cheibriados the Contemplative
  5872 | D:5      | Reached skill level 6 in Maces & Flails
  5998 | D:5      | Reached XP level 8. HP: 47/58 MP: 7/11
  6059 | D:5      | Found a basalt altar of Yredelemnul.
  6293 | D:5      | Reached skill level 7 in Maces & Flails
  6688 | D:6      | Found a blossoming altar of Fedhas.
  6759 | D:6      | Reached skill level 8 in Maces & Flails
  6892 | D:6      | Noticed Stone's ghost (experienced FoFi)
  6902 | D:6      | Mangled by Stone's ghost

Action                   |  1- 3 |  4- 6 |  7- 9 || total
-------------------------+-------+-------+-------++-------
Melee: War axe           |   104 |   154 |       ||   258
       Morningstar       |       |   143 |   269 ||   412
Throw: Tomahawk          |       |     2 |    19 ||    21
Invok: Bend Time         |       |       |     1 ||     1
 Abil: Dig               |     3 |     4 |    11 ||    18
  Use: Potion            |       |     6 |    11 ||    17
       Scroll            |       |     6 |     4 ||    10
  Eat: Chunk             |       |    10 |     4 ||    14
       Meat ration       |       |     1 |       ||     1
       Beef jerky        |       |     1 |       ||     1
       Fruit             |       |       |     5 ||     5
